 Dungeon Crawl Stone Soup version 0.31-a0-4-gefa6de2278 (webtiles) character file.

Game seed: 12373298126255677574

37 Anon1729 the Chopper (level 3, -1/33 HPs)
             Began as a Minotaur Monk on May 3, 2023.
             Slain by a hobgoblin (5 damage)
             ... led by Robin
             ... on level 1 of the Dungeon.
             The game lasted 00:00:39 (518 turns).

Anon1729 the Chopper (Minotaur Monk)                 Turns: 518, Time: 00:00:40

Health: -1/33      AC:  3    Str: 17    XL:     3   Next: 21%
Magic:  2/2        EV: 12    Int:  7    God:
Gold:   38         SH:  0    Dex: 12    Spells: 2/2 levels left

rFire   . . .        a - +0 hand axe
rCold   . . .        d - orb {light}
rNeg    . . .        b - +0 robe
rPois   .            (helmet restricted)
rElec   .            (no cloak)
rCorr   .            j - +0 pair of gloves
SInv    .            (no boots)
Will    .....        (no amulet)
Stlth   +            (no ring)
HPRegen 0.25/turn    (no ring)
MPRegen 0.08/turn

%: no passive effects
@: glowing
A: horns 2, retaliatory headbutt
a: no special abilities


You were on level 1 of the Dungeon.
You visited 1 branch of the dungeon, and saw 2 of its levels.

You collected 38 gold pieces.

Inventory:

Hand Weapons
 a - a +0 hand axe (weapon)
Armour
 b - a +0 robe (worn)
 d - an orb of light (worn)
 j - a +0 pair of gloves (worn)
Scrolls
 g - a scroll of poison {unknown}
 h - a scroll of fear {unknown}
 i - a scroll of identify {unknown}
 k - a scroll of vulnerability {unknown}
Potions
 c - a potion of ambrosia
 e - a potion of invisibility {unknown}
 f - a potion of brilliance {unknown}
 l - a potion of magic {unknown}


   Skills:
 + Level 4.1 Fighting
 * Level 4.5 Axes
 + Level 1.5 Armour
 - Level 3.2 Dodging


You had 2 spell levels left.
You didn't know any spells.
Your spell library was empty.

Dungeon Overview and Level Annotations

Branches:
Dungeon (2/15)

Altars:

Annotations:
D:2 Robin, Sigmund, Terence


Innate Abilities, Weirdness & Mutations

You have a pair of horns on your head.
You reflexively headbutt those who attack you in melee.


Message History

You hit the goblin but do no damage. You barely miss the goblin.
You hit the hobgoblin but do no damage. You hit the goblin.
You kill the goblin!
Sigmund gestures wildly while chanting.
Sigmund flickers and vanishes!
Deactivating autopickup; reactivate with Ctrl-A.
The goblin hits you with a +4 dagger. The goblin hits you with a +0 club.
The hobgoblin hits you.
Terence the Incautious comes into view.
He is wielding a +0 flail of draining.
The goblin hits you with a +0 club. The hobgoblin hits you.
Things that are here:
a +0 club; a goblin corpse You hit the hobgoblin.
The hobgoblin is almost dead.
You barely miss the goblin. You hit the goblin.
You kill the goblin!
You barely miss the hobgoblin. You hit Robin. The hobgoblin barely misses you.
Robin misses you. The goblin closely misses you. The hobgoblin misses you.
The goblin shoots a sling bullet.
The sling bullet misses you. Robin misses you.
The goblin hits you but does no damage. The hobgoblin attacks as you move away!
The hobgoblin closely misses you. The goblin attacks as you move away!
The goblin hits you with a +0 club.
* * * LOW HITPOINT WARNING * * *
You feel less confused. Robin attacks as you move away!
Robin closely misses you. Robin throws the goblin at you!
The goblin hits you with a +0 club.
* * * LOW HITPOINT WARNING * * *
There is a stone staircase leading up here.
The hobgoblin hits you but does no damage.
Terence says, "You're history."
The goblin hits you with a +0 club.
* * * LOW HITPOINT WARNING * * *
You climb upwards.
Reactivating autopickup.
There is a stone staircase leading down here.
You hit the hobgoblin but do no damage. You headbutt the hobgoblin.
You kill the hobgoblin!
You hit the goblin but do no damage. You hit the hobgoblin.
The hobgoblin hits you.
You die...

###.........###......
#..........##......
#>.........##......
##.....#.#.........
##...##...........
###.#####.........
#........###......
#........# #......
#@g......####.....
#.g...............
#........###.)....
#.................
##.................
###.........##.......
#...###.##...........
#...##.....###.......
#....................


You could see a hobgoblin (strong) and a goblin (strong).

Vanquished Creatures
  A gnoll (D:1)
  A dart slug (D:1)
  2 ball pythons (D:1)
  2 bats
  3 endoplasms
  5 goblins
  3 hobgoblins (D:1)
  A quokka (D:1)
  2 frilled lizards
  2 kobolds (D:1)
  3 rats (D:1)
25 creatures vanquished.

Notes
Turn   | Place    | Note
-------+----------+-------------------------------------------
     0 | D:1      | Anon1729 the Minotaur Monk began the quest for the Orb.
     0 | D:1      | Reached XP level 1. HP: 19/19 MP: 0/0
    76 | D:1      | Reached skill level 1 in Armour
    76 | D:1      | Reached XP level 2. HP: 22/27 MP: 1/1
   376 | D:1      | Reached XP level 3. HP: 31/33 MP: 2/2
   502 | D:2      | Noticed Sigmund
   504 | D:2      | Noticed Robin
   510 | D:2      | Noticed Terence
   518 | D:1      | Slain by a hobgoblin

Illustrated notes

Levels and vault maps discovered:
D:1:      grunt_arrival_lava_bath, layout_rooms, minivault_25
D:2:      layout_rooms, serial_shops, shop, st_stairs_10, uniq_sigmund,
          uniq_terence, uniq_robin

Skill      XL: |  1  2 |
---------------+-------+-----
Axes           | 4 |  4.5
Armour         | 1 |  1.5
Fighting       | 4 |  4.1
Dodging        | |  3.2

Action                     || total
---------------------------++-------
  Melee: Hand axe          ||    36
         Headbutt          ||     3
 Armour: Robe              ||     9
  Dodge: Dodged            ||    34

Table legend: (Time is in decaauts)
 A = Elapsed time spent in this place.
 B = Non-inter-level travel time spent in this place.
 C = Inter-level travel time spent in this place.
 D = Time resting spent in this place.
 E = Time spent auto-exploring this place.
 F = Levels seen in this place.
 G = Mean time per level.
                   A        B        C        D        E       F      G
               +--------+--------+--------+--------+--------+-----+--------+
         Total |    521 |    458 |     63 |      0 |    344 |   2 |  260.5 |
       Dungeon |    521 |    458 |     63 |      0 |    344 |   2 |  260.5 |
               +--------+--------+--------+--------+--------+-----+--------+

Top non-repeatable levels by time:
     D:1: 475 daAuts
     D:2: 45 daAuts
